 Dungeon Crawl Stone Soup version 0.21.0-3-g78d12a8 (webtiles) character file.

1155 mortelune the Conjurer (level 8, -1/57 HPs)
             Began as a Yellow Draconian Fire Elementalist on Jan 17, 2018.
             Slain by Joseph
             ... wielding a +0 quarterstaff
              (14 damage)
             ... on level 7 of the Dungeon.
             The game lasted 00:16:47 (8612 turns).

mortelune the Conjurer (DrFE)                       Turns: 8612, Time: 00:16:48

Health: -1/57      AC:  7    Str: 10    XL:     8   Next: 16%
Magic:  4/15       EV: 12    Int: 18    God:
Gold:   292        SH:  0    Dex: 12    Spells: 6/16 levels left

rFire    . . .     SeeInvis .   p - -2 flail (curse)
rCold    . . .     Gourm    .   (no shield)
rNeg     . . .     Faith    .   (armour unavailable)
rPois    .         Spirit   .   (helmet restricted)
rElec    .         Reflect  .   (no cloak)
rCorr    +         Harm     .   q - +0 pair of gloves (curse)
MR       .....                  (no boots)
Stlth    ++........             A - amulet of rage
HPRegen  0.19/turn              (no ring)
MPRegen  0.14/turn              (no ring)

@: no status effects
A: spit acid, acid resistance, unfitting armour, cold-blooded, AC +6
a: Breathe Acid, Evoke Berserk Rage


You were on level 7 of the Dungeon.
You were not hungry.

You visited 1 branch of the dungeon, and saw 7 of its levels.

You collected 292 gold pieces.

Inventory:

Hand Weapons
 f - a +1 club
 p - a cursed -2 flail (weapon)
 y - a +0 whip of freezing
Armour
 q - a cursed +0 pair of gloves (worn)
Jewellery
 A - an amulet of rage (around neck)
Scrolls
 j - 5 scrolls of teleportation
 l - 2 scrolls of identify {unknown}
 o - a scroll of fog {unknown}
 s - 2 scrolls of magic mapping
 t - a scroll of random uselessness
 u - a scroll of amnesia {unknown}
 v - a scroll of blinking {unknown}
 x - a scroll of brand weapon {unknown}
Potions
 c - a potion of brilliance
 d - a potion of invisibility {unknown}
 e - a potion of agility {unknown}
 g - a potion of flight {unknown}
 h - 2 potions of might {unknown}
 i - a potion of degeneration {unknown}
 k - a potion of haste {unknown}
 n - a potion of resistance {unknown}
 r - a potion of curing {unknown}
Books
 a - a book of Flames

   Spells                             Type                      Level
   a - Flame Tongue                   Conjuration/Fire             1
   b - Throw Flame                    Conjuration/Fire             2
   c - Conjure Flame                  Conjuration/Fire             3
   d - Inner Flame                    Hexes/Fire                   3
   e - Sticky Flame                   Conjuration/Fire             4
   f - Fireball                       Conjuration/Fire             5
 w - a book of Conjurations

   Spells                             Type                      Level
   a - Magic Dart                     Conjuration                  1
   b - Searing Ray                    Conjuration                  2
   c - Dazzling Spray                 Conjuration/Hexes            3
   d - Fulminant Prism                Conjuration/Hexes            4
   e - Force Lance                    Conjuration/Translocation    4
   f - Iskenderun's Mystic Blast      Conjuration                  4
 z - a book of Debilitation

   Spells                             Type                      Level
   a - Corona                         Hexes                        1
   b - Slow                           Hexes                        2
   c - Inner Flame                    Hexes/Fire                   3
   d - Portal Projectile              Hexes/Translocation          3
   e - Cause Fear                     Hexes                        4
   f - Leda's Liquefaction            Hexes/Earth                  4
Comestibles
 b - 9 rations
 B - a chunk of flesh


   Skills:
 - Level 1.7 Dodging
 - Level 1.7 Stealth
 + Level 4.7 Spellcasting
 * Level 6.9 Conjurations
 + Level 5.6 Fire Magic


You had 6 spell levels left.
You knew the following spells:

 Your Spells              Type           Power        Failure   Level  Hunger
a - Flame Tongue          Conj/Fire      ####.        1%          1    None
b - Throw Flame           Conj/Fire      ####..       1%          2    #......
c - Conjure Flame         Conj/Fire      ####....     3%          3    ###....
d - Sticky Flame          Conj/Fire      ####....     10%         4    ####...


Dungeon Overview and Level Annotations

Branches:
Dungeon (7/15)             Temple (0/1) D:7

Altars:
Fedhas
Qazlal
Wu Jian
Xom
Zin
The Shining One

Annotations:
D:7 Joseph


Innate Abilities, Weirdness & Mutations

You can spit globs of acid.
You are resistant to acid.
Your golden yellow scales are hard. (AC +6)
You cannot fit into any form of body armour.
You are cold-blooded and may be slowed by cold attacks.


Message History

Press: ? - help, Shift-Dir - straight line, f/p - Joseph
Aim: Joseph, wielding a quarterstaff and wearing a ring mail (heavily wounded)
The sticky flame hits Joseph.
Joseph is heavily wounded.
Joseph is covered in liquid flames!
Joseph burns!
Joseph zaps a wand.
The bolt of acid hits you! You resist.
* * * LOW HITPOINT WARNING * * *
You are splashed with acid!
The acid burns!
You resist.
* * * LOW HITPOINT WARNING * * *
It is a wand of acid (7).
Casting: Sticky Flame
Confirm with . or Enter, or press ? or * to list all spells.
Aiming: Flame Tongue
Press: ? - help, Shift-Dir - straight line, f/p - Joseph
Aim: Joseph, wielding a quarterstaff, wearing a ring mail and carrying a wand of acid (7) (severely wounded, covered in liquid flames)
The flame tongue hits Joseph.
Joseph is severely wounded.
Joseph burns!
Joseph hits you with an uncursed quarterstaff!
You die...

8.#.... #.#....
....... .......
. #.....##
..#......# ...#
#.<#####..
#....###@....!..
..(....#@(.##.##
#....<(..#
#........#
#.#.#..###
#.......
888#..#.##
8...8....#
..>.8...##
8...8...


You could see Joseph (burning).

Vanquished Creatures
  Pikel (D:6)
  A slave (D:6)
  2 ice beasts
  2 bullfrogs (D:6)
  2 hounds (D:6)
  2 orc wizards
  An iguana (D:5)
  A worker ant (D:4)
  A hound zombie (D:6)
  A worker ant zombie (D:5)
  7 adders
  A shadow imp (D:5)
  2 oozes
  4 worms
  2 dart slugs
  5 leopard geckos
  19 orcs
  4 bats
  5 giant cockroaches
  11 goblins
  6 hobgoblins
  7 jackals
  5 kobolds
  5 quokkas
  A ball python (D:4)
  5 frilled lizards
  8 rats
111 creatures vanquished.

Notes
Turn   | Place    | Note
-------+----------+-------------------------------------------
     0 | D:1      | mortelune the Draconian Fire Elementalist began the quest for the Orb.
     0 | D:1      | Reached XP level 1. HP: 14/14 MP: 3/3
   115 | D:1      | Reached XP level 2. HP: 18/20 MP: 0/5
   240 | D:1      | Learned a level 2 spell: Throw Flame
   894 | D:1      | Reached skill level 2 in Conjurations
  1230 | D:2      | Reached XP level 3. HP: 22/26 MP: 1/6
  1235 | D:2      | Learned a level 3 spell: Conjure Flame
  1751 | D:2      | Noticed an angel
  1756 | D:2      | Found a glowing silver altar of Zin.
  1757 | D:2      | Found a shimmering altar of Xom.
  1965 | D:2      | Found a glowing golden altar of the Shining One.
  2034 | D:2      | Reached XP level 4. HP: 33/33 MP: 2/7
  2187 | D:2      | Found a blossoming altar of Fedhas.
  2467 | D:3      | Reached skill level 3 in Conjurations
  2983 | D:3      | Reached XP level 5. HP: 34/38 MP: 5/9
  3675 | D:3      | Found a shimmering altar of Xom.
  4432 | D:4      | Found an ornate altar of the Wu Jian Council.
  4469 | D:4      | Reached skill level 4 in Conjurations
  5281 | D:5      | Entered Level 5 of the Dungeon
  5659 | D:5      | Noticed an ice beast
  5668 | D:5      | Killed an ice beast
  5668 | D:5      | Reached XP level 6. HP: 45/45 MP: 3/11
  5674 | D:5      | Learned a level 4 spell: Sticky Flame
  7136 | D:6      | Reached skill level 5 in Conjurations
  7236 | D:6      | Noticed a slave
  7237 | D:6      | Noticed Pikel
  7238 | D:6      | Noticed a slave
  7238 | D:6      | Noticed a slave
  7282 | D:6      | Killed a slave
  7515 | D:6      | Killed Pikel
  7515 | D:6      | Reached skill level 6 in Conjurations
  7515 | D:6      | Reached skill level 5 in Fire Magic
  7515 | D:6      | Your scales start taking on a golden yellow colour.
  7515 | D:6      | Reached XP level 7. HP: 36/50 MP: 3/13
  7942 | D:6      | Found a stormy altar of Qazlal.
  7960 | D:6      | Reached XP level 8. HP: 57/57 MP: 7/14
  8592 | D:7      | Noticed Joseph
  8595 | D:7      | Found a staircase to the Ecumenical Temple.
  8612 | D:7      | Slain by Joseph

Skill      XL: |  1  2  3  4  5  6 |
---------------+-------------------+-----
Conjurations   | 2 3 4 6 |  6.9
Spellcasting   | 3 4 |  4.7
Fire Magic     | 4 5 |  5.6
Dodging        | |  1.7
Stealth        | |  1.7

Action                   |  1- 3 |  4- 6 |  7- 9 || total
-------------------------+-------+-------+-------++-------
Melee: Unarmed           |     4 |       |       ||     4
       Tailslap          |     3 |     2 |       ||     5
       Club              |    24 |    13 |       ||    37
       Flail             |       |     8 |       ||     8
 Cast: Flame Tongue      |    35 |   119 |    18 ||   172
       Throw Flame       |    18 |    52 |    13 ||    83
       Conjure Flame     |     1 |       |       ||     1
       Sticky Flame      |       |     4 |     2 ||     6
  Use: Scroll            |     3 |     2 |     1 ||     6
       Potion            |       |     2 |     1 ||     3
  Eat: Chunk             |     2 |    16 |     5 ||    23
       Ration            |     1 |     1 |       ||     2
Armor: Skin              |    21 |    32 |     3 ||    56
Dodge: Dodged            |    54 |    66 |     7 ||   127
